 Dungeon Crawl Stone Soup version 0.13-a0-2210-g26cee09 (webtiles) character file.

117519 Kae the Destroyer (level 16, -4/94 HPs)
             Began as a Tengu Fire Elementalist on July 3, 2013.
             Was a High Priest of Vehumet.
             Slain by a jumping spider (13 damage)
             ... on Level 3 of the Spider Nest.
             The game lasted 02:48:49 (46074 turns).

Kae the Destroyer (Tengu Fire Elementalist)        Turns: 46074, Time: 02:48:50

HP  -4/94        AC  9     Str 11      XL: 16   Next: 90%
MP   0/35        EV 16     Int 20      God: Vehumet [*****.]
Gold 1599        SH  0     Dex 20      Spells: 12 memorised,  0 levels left

Res.Fire  : + . .   See Invis. : .   g - staff of conjuration
Res.Cold  : x . .   Warding    : .   U - +0 steam dragon armour
Life Prot.: . . .   Conserve   : .   (no shield)
Res.Poison: +       Res.Corr.  : .   S - +1 wizard hat
Res.Elec. : .       Clarity    : .   x - +2 cloak
Sust.Abil.: . .     Spirit.Shd : +   w - -1 pair of gauntlets
Res.Mut.  : .       Stasis     : .   (boots unavailable)
Res.Rott. : .       Flight     : +   y - amulet of guardian spirit
Saprovore : . . .                    F - ring of fire
                                     O - ring of poison resistance

@: agile, flying, quite poisoned, held, quick, somewhat resistant to hostile
enchantments, quite stealthy
A: able to fly continuously, beak, talons 3
a: Stop Flying, Renounce Religion


You were on level 3 of the Spider Nest.
You worshipped Vehumet.
Vehumet was exalted by your worship.
You were very hungry.

You visited 3 branches of the dungeon, and saw 26 of its levels.
You also visited: Labyrinth.

You collected 1819 gold pieces.
You spent 240 gold pieces at shops.

Inventory:

Hand weapons
 a - the +9,+9 Staff of Wucad Mu
   (You found it on level 6 of the Dungeon)
 c - a +2,+2 quarterstaff of speed
Armour
 n - a +0 robe of fire resistance
 w - a -1 pair of gauntlets (worn)
 x - a +2 cloak (worn)
 S - a +1 wizard hat (worn)
 U - a +0 steam dragon armour (worn)
Magical devices
 f - a wand of fire (0)
 p - a wand of invisibility (3) {unknown}
 M - a wand of cold (5)
 R - a wand of heal wounds (2)
 T - a wand of cold (8)
 V - a wand of lightning (5)
 X - a wand of lightning (8)
Comestibles
 m - 2 pears
 s - an apricot
 C - 2 apples
 I - 3 bread rations
Scrolls
 e - 4 scrolls of remove curse
 k - a scroll of teleportation
 t - a scroll of magic mapping
 u - a scroll of blinking
 E - 3 scrolls of amnesia
 P - a scroll of fog
 Q - a scroll of enchant weapon I
 W - a scroll of identify
Jewellery
 d - an uncursed amulet of clarity
 h - an uncursed ring of wizardry
 j - a +3 ring of dexterity {unknown}
 q - an uncursed ring of regeneration
 y - an amulet of guardian spirit (around neck)
 F - a ring of fire (right hand)
 J - an uncursed ring of protection from cold
 O - a ring of poison resistance (left hand)
Potions
 b - 2 potions of magic
 l - 2 potions of resistance
 o - 7 potions of curing
 v - 2 potions of cure mutation
 z - 2 potions of restore abilities
 G - a potion of speed
 H - 2 potions of might
 Y - 3 potions of heal wounds
Books
 r - a book of the Earth

   Spells                             Type                      Level
   Dig                                Earth                        4
   Leda's Liquefaction                Hexes/Earth                  4
   Bolt of Magma                      Conjuration/Fire/Earth       5
   Statue Form                        Transmutation/Earth          6
   Iron Shot                          Conjuration/Earth            6
   Shatter                            Earth                        9
 D - a book of Fire

   Spells                             Type                      Level
   Fire Brand                         Charms/Fire                  2
   *Ignite Poison                     Fire/Transmutation           5
   *Fireball                          Conjuration/Fire             5
   *Bolt of Fire                      Conjuration/Fire             6
   *Delayed Fireball                  Conjuration/Fire             7
   Ring of Flames                     Charms/Fire                  7
   Dragon Form                        Fire/Transmutation           7
 N - a book of Maledictions

   Spells                             Type                      Level
   Corona                             Hexes                        1
   Sure Blade                         Hexes/Charms                 2
   Ensorcelled Hibernation            Hexes/Ice                    2
   Confuse                            Hexes                        3
   Enslavement                        Hexes                        4
   Invisibility                       Hexes                        6
Magical staves
 g - an uncursed staff of conjuration (weapon)
 i - an uncursed staff of power
 B - an uncursed staff of earth
Miscellaneous
 A - a plain deck of destruction {the Spark}
 K - a sack of spiders


   Skills:
 + Level 11.0 Fighting
 + Level 10.1 Staves
 + Level 9.9 Dodging
 - Level 2.0 Stealth
 + Level 1.8 Traps
 + Level 12.1 Spellcasting
 * Level 18.4 Conjurations
 * Level 4.2 Charms
 * Level 16.4 Fire Magic
 + Level 12.2 Evocations


You couldn't memorise any spells.
You knew the following spells:

 Your Spells              Type           Power        Failure   Level  Hunger
a - Flame Tongue          Conj/Fire      #####        0%          1    None
b - Throw Flame           Conj/Fire      ######       0%          2    None
c - Conjure Flame         Conj/Fire      ########     0%          3    None
d - Sticky Flame          Conj/Fire      ########     1%          4    #......
e - Fireball              Conj/Fire      ########..   1%          5    ###....
f - Repel Missiles        Chrm/Air       ###.......   3%          2    None
g - Swiftness             Chrm/Air       ###.......   3%          2    None
h - Bolt of Fire          Conj/Fire      ########..   1%          6    ######.
i - Lightning Bolt        Conj/Air       ######....   1%          5    ###....
j - Blink                 Tloc           N/A          10%         2    None
k - Delayed Fireball      Conj/Fire      N/A          1%          7    #######
l - Ignite Poison         Fire/Trmt      ######....   2%          5    ###....


Dungeon Overview and Level Annotations

Branches:
Dungeon (15/27) Temple (0/1) D:6 Orc (0/4) D:7 Lair (8/8) D:12 Shoals (0/5) Lair:3 Lair:6 Spider (3/5) Lair:6 Slime (0/6) Lair:8 Vaults: D:15-20

Altars:
Ashenzari
Okawaru
Trog
Vehumet
Yredelemnul
Jiyva

Shops:
D:5: = D:7: [ D:8: ?

Portals:
Ziggurat: D:8 (3970 gp)

Annotations
D:4 exclusion: skeleton
D:6 exclusion: oklob sapling
D:14 exclusion: door, Roxanne
Lair:8 2 exclusions
Spider:2 Jorgrun, Wiglaf


Innate Abilities, Weirdness & Mutations

You can fly continuously.
You have a beak for a mouth.
You have claws for feet.


Message History

The jumping spider pounces on you.
* * * LOW HITPOINT WARNING * * *
The jumping spider completely misses you.
Casting: Flame Tongue
Confirm with . or Enter, or press ? or * to list all spells.
You blink.
You are caught in the web!
* * * LOW HITPOINT WARNING * * *
You feel sick.
You struggle to detach yourself from the web.
* * * LOW HITPOINT WARNING * * *
You feel sick.
Unknown command.
You struggle to detach yourself from the web.
* * * LOW HITPOINT WARNING * * *
You feel sick.
The jumping spider leaps!
The redback bites you!
* * * LOW HITPOINT WARNING * * *
You are more poisoned.
The redback poisons you! You partially resist.
The jumping spider pounces on you!
You die...

#...####.......##.......# #.^.#
##..#^..##........# ##
#######...#...#.........####^
####.^##..##...#...........#..
##.#...#..##....##......##.....
#....#....#......#.......###... #
#....#....##....##.........#... #
#....##....#....#......#.^.##..
###.....#...####@.#....###...###.
##......##..# ##ss######......###
#......###### #.s.##..........#
#.....## #..##.^...##...##
###^..# #......#.##....# .###..#
#......### ...## .# #..# ########
...# ####..# ##### ###..####


You could see a jumping spider and 2 redbacks.

Vanquished Creatures
  Nikola (D:14)
  The ghost of cedor the Blocker, a powerful HESk of Okawaru (D:15)
  A minotaur (D:12)
  A ravenous item mimic (Spider:3)
  2 ogre magi (D:15)
  10 hydras
  Nessos (D:13)
  A wolf spider zombie (D:15)
  The ghost of 4tharraofdagon the Eclecticist, a powerful DjFE of Vehumet (D:12)
  22 death yaks
  Nergalle (D:10)
  A centaur warrior (D:13)
  3 skeletal warriors (D:14)
  An unseen horror (D:10)
  2 griffons
  Joseph (D:10)
  3 hill giants
  A hydra zombie (D:12)
  A moth of wrath (shapeshifter) (D:14)
  A lindwurm (Lair:6)
  4 cyclopes
  3 spiny worms
  8 wolf spiders
  Maurice (D:10)
  A griffon zombie (D:15)
  7 black mambas
  A griffon skeleton (D:14)
  17 elephants
  15 slime creatures
  A hill giant zombie (D:12)
  4 orange demons (D:9)
  2 item mimics
  Psyche (D:13)
  A dragon skeleton (D:12)
  8 ugly things (D:14)
  13 spiny frogs
  4 demonic crawlers
  Sonja (D:10)
  A hill giant skeleton (D:15)
  11 spriggans (Lair:8)
  6 komodo dragons
  8 two-headed ogres
  25 blink frogs
  4 trolls
  2 grizzly bears
  A giant firefly (Lair:8)
  A wraith (D:15)
  5 tarantellas
  4 basilisks
  A giant firefly (shapeshifter) (D:14)
  12 jumping spiders
  A shadow (D:12)
  5 wyverns
  9 hippogriffs
  6 orb spiders
  2 sharks
  A water elemental (D:15)
  A merfolk (D:8)
  5 hungry ghosts
  9 vampire mosquitoes
  4 trapdoor spiders
  33 yaks
  A steam dragon (D:8)
  A blink frog skeleton (D:14)
  26 wolves
  A manticore (D:14)
  13 redbacks
  A cyclops zombie (D:15)
  A manticore zombie (D:14)
  2 necrophages
  A soldier ant (D:14)
  3 mottled dragons
  11 black bears
  10 porcupines
  A rock worm zombie (D:9)
  2 yellow wasps
  A yak zombie (D:14)
  12 ogres
  9 sky beasts
  A giant goldfish (Spider:1)
  A boulder beetle zombie (D:14)
  An ice beast (D:7)
  A cyclops skeleton (D:13)
  3 troll zombies
  A boring beetle (Lair:5)
  A troll skeleton (D:11)
  10 orc warriors
  A yak skeleton (D:9)
  7 water moccasins
  15 crocodiles
  11 centaurs
  9 agate snails
  20 giant frogs
  A giant frog zombie (D:13)
  5 giant slugs
  A two-headed ogre skeleton (D:13)
  A brain worm (D:15)
  A gnoll sergeant (D:11)
  An eye of draining (D:15)
  4 jellyfish (D:15)
  13 killer bees (D:11)
  3 spectral orcs (D:9)
  4 electric eels
  8 wights
  9 crimson imps
  2 quasits
  A big kobold zombie (D:11)
  3 goliath beetles
  A sky beast zombie (D:9)
  An ogre skeleton (D:4)
  8 orc priests
  14 hounds
  13 worker ants
  6 big fish
  8 spiders
  A deep elf soldier (D:12)
  11 iguanas
  6 jellies
  5 orc wizards
  3 scorpions
  11 sheep
  Ijyb (D:2)
  A worm zombie (D:8)
  68 green rats
  23 adders
  6 giant centipedes
  5 gnolls (D:11)
  An adder zombie (D:8)
  An inept item mimic (D:6)
  A shadow imp (D:5)
  8 giant mites
  2 inept feature mimics (D:5)
  6 worms
  A giant eyeball (D:3)
  11 giant geckos
  41 orcs
  33 bats
  9 giant cockroaches
  10 goblins
  20 hobgoblins
  25 jackals
  13 kobolds
  2 ball pythons
  15 giant newts
  4 giant spores
  A jackal zombie (D:6)
  A kobold zombie (D:5)
  An orc zombie (D:5)
  11 quokkas
  25 rats
  A rat skeleton (D:4)
  12 ballistomycetes
  2 fungi (Lair:8)
  5 plants
994 creatures vanquished.

Vanquished Creatures (collateral kills)
  A grizzly bear (Lair:8)
  5 wolves (Lair:8)
6 creatures vanquished.

Vanquished Creatures (others)
  A spiny frog (Lair:8)
  A wolf (Lair:8)
  A troll zombie (D:14)
  A crocodile (Lair:8)
  A wight (D:11)
  A scorpion (Spider:1)
  An orc wizard (D:14)
  A sheep (Lair:8)
  5 orcs
  2 jackals (Lair:5)
  A giant spore (D:12)
  2 rats
  A bush (Lair:5)
  22 fungi
  9 plants
50 creatures vanquished.

Grand Total: 1050 creatures vanquished

Notes
Turn   | Place    | Note
--------------------------------------------------------------
     0 | D:1      | Kae, the Tengu Fire Elementalist, began the quest for the Orb.
     0 | D:1      | Reached XP level 1. HP: 10/10 MP: 3/3
   146 | D:1      | Reached XP level 2. HP: 6/15 MP: 1/5
   312 | D:1      | Learned a level 2 spell: Throw Flame
   894 | D:1      | Reached XP level 3. HP: 17/19 MP: 4/7
  1254 | D:2      | Reached skill level 4 in Fire Magic
  1697 | D:2      | Reached XP level 4. HP: 20/24 MP: 8/8
  1706 | D:2      | Learned a level 3 spell: Conjure Flame
  1803 | D:2      | Noticed Ijyb
  2123 | D:2      | Killed Ijyb
  2385 | D:3      | Reached XP level 5. HP: 28/28 MP: 6/11
  3061 | D:3      | Reached skill level 5 in Fire Magic
  3485 | D:4      | Reached XP level 6. HP: 32/32 MP: 10/13
  3524 | D:4      | Learned a level 4 spell: Sticky Flame
  4111 | D:4      | Reached skill level 5 in Conjurations
  4419 | D:4      | Noticed an ogre
  4429 | D:4      | Killed an ogre
  4429 | D:4      | Reached skill level 6 in Fire Magic
  4429 | D:4      | Reached XP level 7. HP: 36/36 MP: 8/16
  4681 | D:4      | Noticed an ogre
  4699 | D:4      | Killed an ogre
  5040 | D:5      | Entered Level 5 of the Dungeon
  5040 | D:5      | Found a radiant altar of Vehumet.
  5040 | D:5      | Found a bloodstained altar of Trog.
  5045 | D:5      | Became a worshipper of Vehumet
  5713 | D:5      | Found Kloneo's Jewellery Emporium.
  6082 | D:5      | Reached XP level 8. HP: 38/41 MP: 16/19
  6181 | D:6      | Found a staircase to the Ecumenical Temple.
  6237 | D:6      | Reached skill level 7 in Conjurations
  6286 | D:6      | Reached skill level 1 in Evocations
  7026 | D:6      | Reached skill level 8 in Conjurations
  7094 | D:6      | Acquired Vehumet's first power
  7094 | D:6      | Offered knowledge of Sandblast by Vehumet.
  7381 | D:6      | Reached XP level 9. HP: 42/45 MP: 6/21
  7896 | D:7      | Found a staircase to the Orcish Mines.
  8336 | D:7      | Reached skill level 9 in Conjurations
  8837 | D:7      | Found Loff's Antique Armour Emporium.
  9046 | D:7      | Learned a level 5 spell: Fireball
  9581 | D:8      | Noticed a skeletal warrior
  9926 | D:8      | Found Klasm's Magic Scroll Boutique.
  9939 | D:8      | Bought a scroll of enchant armour for 88 gold pieces
  9939 | D:8      | Bought a scroll of identify for 32 gold pieces
  9939 | D:8      | Bought a scroll of identify for 32 gold pieces
  9939 | D:8      | Bought a scroll of fear for 56 gold pieces
  9939 | D:8      | Bought a scroll of fog for 32 gold pieces
 10624 | D:8      | Reached skill level 5 in Spellcasting
 10624 | D:8      | Reached skill level 10 in Conjurations
 10754 | D:8      | Found a gateway to a ziggurat.
 10865 | D:8      | Reached XP level 10. HP: 33/50 MP: 20/23
 10883 | D:8      | Offered knowledge of Sting by Vehumet.
 11641 | D:8      | Found a shattered altar of Ashenzari.
 12139 | D:9      | Reached skill level 5 in Fighting
 12139 | D:9      | Reached XP level 11. HP: 54/60 MP: 23/29
 12422 | D:9      | Offered knowledge of Mephitic Cloud by Vehumet.
 12716 | D:9      | Reached skill level 11 in Conjurations
 12723 | D:9      | Reached skill level 1 in Staves
 12723 | D:9      | Reached skill level 10 in Fire Magic
 12723 | D:9      | Acquired Vehumet's second power
 13499 | D:10     | Entered Level 10 of the Dungeon
 13744 | D:10     | Noticed Maurice
 13816 | D:10     | Killed Maurice
 13824 | D:10     | Noticed a hill giant
 13986 | D:9      | Killed a hill giant
 14199 | D:10     | Noticed Nergalle
 14252 | D:9      | Reached XP level 10. HP: 18/56 MP: 0/27
 14298 | D:10     | Noticed a spectral orc knight
 14492 | D:10     | Killed Nergalle
 14587 | D:10     | Noticed a hill giant
 14633 | D:10     | Killed a hill giant
 14672 | D:10     | Offered knowledge of Dazzling Spray by Vehumet.
 14684 | D:10     | Found an iron altar of Okawaru.
 14798 | D:10     | Noticed Sonja
 14905 | D:10     | Killed Sonja
 14905 | D:10     | Reached skill level 12 in Conjurations
 14905 | D:10     | Reached XP level 11. HP: 48/60 MP: 23/29
 15215 | D:10     | Noticed Joseph
 15742 | D:11     | Learned a level 2 spell: Repel Missiles
 15745 | D:11     | Learned a level 2 spell: Swiftness
 15747 | D:11     | Learned a level 1 spell: Shock
 15753 | D:11     | Learned a level 5 spell: Lightning Bolt
 16151 | D:11     | Acquired Vehumet's third power
 16405 | D:11     | Offered knowledge of Olgreb's Toxic Radiance by Vehumet.
 17387 | D:12     | Found a labyrinth entrance.
 17397 | Lab      | Entered a labyrinth
 17867 | Lab      | Noticed a minotaur
 17888 | Lab      | Got a faintly glowing steel ring
 17888 | Lab      | Got a slimy iron ring
 17916 | D:12     | HP: 3/61 [spore (23)]
 17948 | D:12     | Noticed 4tharraofdagon's ghost (powerful DjFE)
 18378 | D:12     | Killed 4tharraofdagon's ghost
 18389 | D:12     | Killed a minotaur
 18733 | D:12     | Reached skill level 5 in Dodging
 19142 | D:12     | Reached XP level 12. HP: 48/67 MP: 17/30
 19351 | D:12     | Reached skill level 13 in Conjurations
 19365 | D:12     | Noticed a hill giant
 19373 | D:12     | Killed a hill giant
 19492 | D:12     | Offered knowledge of Bolt of Fire by Vehumet.
 19496 | D:12     | Noticed a seven-headed hydra
 19505 | D:12     | Killed a seven-headed hydra
 19505 | D:12     | Reached skill level 10 in Spellcasting
 19878 | D:12     | Learned a level 6 spell: Bolt of Fire
 20155 | D:12     | Reached skill level 5 in Staves
 20325 | D:12     | Found a staircase to the Lair.
 20423 | Lair:1   | Entered Level 1 of the Lair of Beasts
 21722 | Lair:2   | Identified the ring "Chuasuzo" {MR Acc+4 Dam+6} (You found it in a labyrinth)
 22705 | Lair:2   | Reached skill level 14 in Conjurations
 23127 | Lair:3   | Offered knowledge of Bolt of Draining by Vehumet.
 23283 | Lair:3   | Found a staircase to the Shoals.
 23505 | Lair:3   | Noticed a four-headed hydra
 23512 | Lair:3   | Killed a four-headed hydra
 24566 | Lair:4   | Found a basalt altar of Yredelemnul.
 24754 | Lair:4   | Reached XP level 13. HP: 71/73 MP: 22/31
 26117 | Lair:5   | Reached skill level 10 in Evocations
 26326 | Lair:5   | Identified Boseshi's Compendium of Destructive Ignition
 26768 | Lair:5   | Noticed a four-headed hydra
 26777 | Lair:5   | Killed a four-headed hydra
 27250 | Lair:5   | Noticed a six-headed hydra
 27267 | Lair:5   | Killed a six-headed hydra
 27571 | Lair:5   | Reached skill level 15 in Conjurations
 27716 | Lair:5   | Offered knowledge of Orb of Destruction by Vehumet.
 27744 | Lair:5   | Reached XP level 14. HP: 80/80 MP: 10/33
 27794 | Lair:5   | Noticed a five-headed hydra
 27899 | Lair:5   | Noticed a seven-headed hydra
 27910 | Lair:5   | Killed a seven-headed hydra
 27930 | Lair:5   | Killed a five-headed hydra
 29239 | Lair:6   | Reached skill level 16 in Conjurations
 29567 | Lair:6   | Found a staircase to the Shoals.
 29924 | Lair:6   | Found a hole to the Spider Nest.
 30191 | Lair:6   | Offered knowledge of Iron Shot by Vehumet.
 32059 | Lair:8   | Entered Level 8 of the Lair of Beasts
 32965 | Lair:8   | Reached skill level 15 in Fire Magic
 33251 | Lair:8   | Reached XP level 15. HP: 79/86 MP: 34/34
 33503 | Lair:8   | Offered knowledge of Poison Arrow by Vehumet.
 33738 | Lair:8   | Found a staircase to the Slime Pits.
 33738 | Lair:8   | Found a viscous altar of Jiyva.
 33962 | Lair:8   | Reached skill level 10 in Fighting
 33963 | Lair:8   | Reached skill level 17 in Conjurations
 35193 | Lair:2   | Learned a level 2 spell: Blink
 35201 | Lair:2   | Learned a level 7 spell: Delayed Fireball
 35538 | D:10     | Killed Joseph
 35587 | D:10     | Killed an unseen horror
 35816 | D:13     | Noticed Nessos
 35838 | D:13     | Noticed Psyche
 35952 | D:13     | Killed Psyche
 36133 | D:13     | Reached skill level 1 in Charms
 36413 | D:14     | Entered Level 14 of the Dungeon
 36816 | D:14     | Noticed Nikola
 36831 | D:13     | Killed Nessos
 37316 | D:14     | Offered knowledge of Poisonous Cloud by Vehumet.
 37537 | D:14     | Noticed Roxanne
 38016 | D:14     | Reached XP level 16. HP: 93/93 MP: 35/35
 39047 | D:14     | Killed Nikola
 39601 | D:15     | Entered Level 15 of the Dungeon
 39681 | D:15     | Noticed cedor's ghost (powerful HESk)
 39693 | D:15     | Killed cedor's ghost
 39693 | D:15     | Reached skill level 18 in Conjurations
 40874 | D:15     | Offered knowledge of Conjure Ball Lightning by Vehumet.
 40977 | D:15     | Kae: brb wiki ^^
 40977 | D:15     | Kae: never got taht far
 40977 | D:15     | Kae: not sure where to go :p
 40979 | D:15     | Fruitarian: me to:) i usualy die before lair ;/
 40979 | D:15     | Fruitarian: i like tengu. can you show your skill list?^^
 40979 | D:15     | Kae: sure
 40979 | D:15     | Fruitarian: thans a lot
 40979 | D:15     | Fruitarian: you fighting?
 40979 | D:15     | Kae: ye kind of a mess ^^
 40979 | D:15     | Kae: nah its just to have some hp
 40979 | D:15     | Kae: gonna stop at 11 or 12 i think
 40979 | D:15     | Fruitarian: ah, okay. thx
 41262 | Spider:1 | Entered Level 1 of the Spider Nest
 42158 | Spider:1 | Reached skill level 1 in Traps
 42427 | Spider:1 | Reached skill level 10 in Staves
 43385 | Spider:2 | Learned a level 5 spell: Ignite Poison
 44234 | Spider:2 | Noticed Jorgrun
 44537 | Spider:2 | Noticed Wiglaf
 46074 | Spider:3 | Slain by a jumping spider

Action                   |  1- 3 |  4- 6 |  7- 9 | 10-12 | 13-15 | 16-18 || total
-------------------------+-------+-------+-------+-------+-------+-------++-------
Melee: Unarmed           |    24 |     5 |       |       |       |       ||    29
       Staff             |       |       |   103 |    87 |   381 |   125 ||   696
 Cast: Flame Tongue      |    58 |   124 |   268 |   709 |   727 |   319 ||  2205
       Throw Flame       |     3 |    10 |    31 |   150 |   159 |    67 ||   420
       Conjure Flame     |       |     8 |    26 |    42 |    16 |    11 ||   103
       Sticky Flame      |       |       |     9 |    74 |   141 |    53 ||   277
       Fireball          |       |       |       |    21 |    50 |    32 ||   103
       Lightning Bolt    |       |       |       |     5 |     2 |     9 ||    16
       Repel Missiles    |       |       |       |     3 |     7 |     5 ||    15
       Bolt of Fire      |       |       |       |     1 |    37 |    30 ||    68
       Swiftness         |       |       |       |       |     4 |     1 ||     5
       Delayed Fireball  |       |       |       |       |     1 |       ||     1
       Blink             |       |       |       |       |       |     8 ||     8
       Ignite Poison     |       |       |       |       |       |     1 ||     1
 Abil: Fly               |       |       |       |       |     3 |     1 ||     4
       Evoke Flight      |       |       |       |       |     1 |       ||     1
       Release Delayed F |       |       |       |       |     1 |       ||     1
Evoke: Wand              |       |     3 |    15 |    11 |     8 |       ||    37
  Use: Scroll            |       |     8 |    12 |    21 |     9 |     9 ||    59
       Potion            |       |       |       |     4 |       |     6 ||    10
 Stab: Sleeping          |       |       |       |     1 |     1 |       ||     2
